 Dungeon Crawl Stone Soup version bcrawl-1.33.1b (webtiles) character file.

Game seed: 174244289710106121

220968 Metae the Covered (level 7, -2/66 HPs)
             Began as a Minotaur Fighter on Aug 30, 2021.
             Was a Follower of Makhleb.
             Slain by Prince Ribbit (12 damage)
             ... on level 4 of the Dungeon.
             The game lasted 00:16:23 (4437 turns).

Metae the Covered (Minotaur Fighter)                Turns: 4437, Time: 00:16:23

Health: -2/66      AC:  7    Str: 23    XL:     7   Next: 79%
Magic:  6/6        EV:  6    Int:  5    God:    Makhleb [*.....]
Gold:   407        SH: 10    Dex:  9    Spells: 6/6 levels left

rFire    . . .     SeeInvis .   a - +0 trident
rCold    . . .     Gourm    .   c - +0 medium shield
rNeg     . . .     Faith    .   b - +0 scale mail
rPois    .         Spirit   .   (helmet restricted)
rElec    .         Reflect  .   (no cloak)
rCorr    +         Harm     .   (no gloves)
MR       .....                  (no boots)
Stlth    ..........             w - amulet of regeneration
HPRegen  0.39/turn              t - ring of resist corrosion
MPRegen  0.10/turn              (no ring)

@: no status effects
A: retaliatory headbutt, horns 2
a: Minor Destruction, Renounce Religion


You were on level 4 of the Dungeon.
You worshipped Makhleb.
Makhleb was aware of your devotion.
You were not hungry.

You visited 1 branch of the dungeon, and saw 5 of its levels.

You collected 407 gold pieces.

Inventory:

Hand Weapons
 a - a +0 trident (weapon)
 s - a +2 vampiric dagger
Missiles
 j - 218 sling bullets
 r - 69 poisoned tomahawks (quivered)
 x - 2 throwing nets {=f}
Armour
 b - a +0 scale mail (worn)
 c - a +0 medium shield (worn)
 y - a +0 plate armour
 z - a +0 scale mail
Jewellery
 t - a ring of resist corrosion (left hand)
 u - an uncursed ring of resist corrosion
 w - an amulet of regeneration (around neck)
Scrolls
 f - 3 scrolls of teleportation
 h - a scroll of blinking {unknown}
 i - 2 scrolls of identify
 l - a scroll of enchant weapon {unknown}
 q - 2 scrolls of remove curse
 B - a scroll of immolation {unknown}
Potions
 d - a potion of might
 g - a potion of lignification
 k - a potion of resistance {unknown}
 m - a potion of degeneration {unknown}
 n - a potion of agility
 o - a potion of cancellation
 A - a potion of flight {unknown}
Comestibles
 e - 7 rations {!d}
 p - 2 chunks of flesh


   Skills:
 * Level 7.1 Fighting
 + Level 4.8 Polearms
 * Level 7.2 Armour
 + Level 5.6 Shields


You had 6 spell levels left.
You didn't know any spells.
Your spell library contained the following spells:

 Spells                   Type           Power        Failure   Level  Hunger
 Apportation              Tloc           #.....       100%        1    None
 Infusion                 Chrm           #.......     100%        1    None
 Sandblast                Erth           #.....       100%        1    None
 Slow                     Hex            #.......     100%        1    None
 Summon Butterflies       Summ           #.......     100%        1    None


Dungeon Overview and Level Annotations

Branches:
Dungeon (5/12)
 Temple: D:4-7

Altars:
Fedhas
Lugonu
Makhleb
Vehumet

Annotations:
D:4 1 runed door, exclusion: statue, Prince Ribbit
D:5 Dowan, Duvessa, Eustachio


Innate Abilities, Weirdness & Mutations

You reflexively headbutt those who attack you in melee.
You have a pair of horns on your head.


Message History

You hit Prince Ribbit.
Prince Ribbit is heavily wounded.
Prince Ribbit hits you!
* * * LOW HITPOINT WARNING * * *
Prince Ribbit hits you but does no damage.
You closely miss Prince Ribbit. Your headbutt misses Prince Ribbit.
Prince Ribbit is heavily wounded.
Prince Ribbit hits you but does no damage.
Prince Ribbit blinks!
Prince Ribbit barely misses you. Prince Ribbit hits you!
* * * LOW HITPOINT WARNING * * *
Throwing (i - inventory. (/) - cycle)
r - 70 poisoned tomahawks (quivered)
Press: ? - help, Shift-Dir - straight line, f - Prince Ribbit
Aim: Prince Ribbit (heavily wounded)
You throw a poisoned tomahawk.
The poisoned tomahawk misses Prince Ribbit.
Prince Ribbit croaks regally.
You block Prince Ribbit's attack. Prince Ribbit hits you!
You die...

#..####........... #..#
#........... #..#
#........... #.##
##.#...##... #.# #.#...##...
#.# #.#...##.## #.#
#.##......# #F####
#.######..# #@...# #.# #..#
#.##.# #.# #..# #.##.# #.#
#..# #.##.# #.# ##..# #>##.#
#.#####..)#
#)##.###......#...
###########.##.##...##.###..
#.........(.##.#.#.#.##.#..#
##
#.###########.>..........#..


You could see Prince Ribbit.

Vanquished Creatures
  The ghost of Nikola2751 the Cudgeler, an amateur TrMo (D:3)
  An ogre (D:4)
  Blork the orc (D:4)
  2 scorpions (D:4)
  A howler monkey (D:4)
  A crimson imp (D:4)
  4 hounds
  2 orc priests (D:4)
  An orc wizard (D:4)
  A bullfrog skeleton (D:4)
  3 worker ants (D:4)
  9 adders
  A shadow imp (D:5)
  An ooze (D:1)
  3 worms
  3 leopard geckos
  10 orcs
  3 ball pythons
  7 giant cockroaches
  4 goblins
  A hobgoblin (D:2)
  5 jackals
  2 quokkas
  7 bats
  6 frilled lizards
  3 kobolds
  5 rats
88 creatures vanquished.

Notes
Turn   | Place    | Note
-------+----------+-------------------------------------------
     0 | D:1      | Metae the Minotaur Fighter began the quest for the Orb.
     0 | D:1      | Reached XP level 1. HP: 19/19 MP: 0/0
   220 | D:1      | Reached XP level 2. HP: 23/27 MP: 1/1
   926 | D:2      | Reached XP level 3. HP: 29/33 MP: 2/2
  1199 | D:2      | Found a blossoming altar of Fedhas.
  1822 | D:2      | HP: 1/33 [poisoned by an adder]
  2010 | D:3      | Found a burning altar of Makhleb.
  2019 | D:3      | Became a worshipper of Makhleb the Destroyer
  2102 | D:3      | Found a runed translucent door.
  2118 | D:3      | Found a runed translucent door.
  2124 | D:3      | Reached XP level 4. HP: 34/41 MP: 3/3
  2126 | D:3      | Noticed Nikola2751's ghost (amateur TrMo)
  2816 | D:3      | Found a corrupted altar of Lugonu.
  2969 | D:3      | Reached skill level 5 in Armour
  2982 | D:3      | Reached skill level 5 in Fighting
  2982 | D:3      | Reached XP level 5. HP: 21/48 MP: 4/4
  2998 | D:3      | Killed Nikola2751's ghost
  3203 | D:4      | Reached XP level 6. HP: 44/56 MP: 5/5
  3295 | D:4      | Reached skill level 5 in Shields
  3295 | D:4      | Found a radiant altar of Vehumet.
  3346 | D:4      | Reached XP level 7. HP: 48/63 MP: 6/6
  3394 | D:4      | Noticed Blork the orc
  3403 | D:4      | Reached * piety under Makhleb
  3408 | D:4      | Killed Blork the orc
  3984 | D:4      | Found a runed door.
  4281 | D:5      | Entered Level 5 of the Dungeon
  4300 | D:5      | Noticed Duvessa
  4300 | D:5      | Noticed Dowan
  4312 | D:5      | Noticed Eustachio
  4408 | D:5      | Noticed Prince Ribbit
  4437 | D:4      | Slain by Prince Ribbit

Skill      XL: |  1  2  3  4  5  6  7 |
---------------+----------------------+-----
Fighting       | 4 5 6 7 |  7.1
Armour         | 4 5 6 7 |  7.2
Shields        | 4 5 |  5.6
Polearms       | 3 4 |  4.8

Action                   |  1- 3 |  4- 6 |  7- 9 || total
-------------------------+-------+-------+-------++-------
Melee: Trident           |   130 |   118 |   102 ||   350
       Headbutt          |    14 |    24 |    16 ||    54
Throw: Tomahawk          |       |     6 |     9 ||    15
  Use: Potion            |     3 |     2 |     1 ||     6
       Scroll            |       |     6 |       ||     6
  Eat: Chunk             |     4 |     7 |     5 ||    16
       Ration            |     1 |       |     1 ||     2
Armor: Scale mail        |    79 |    61 |    27 ||   167
Dodge: Dodged            |    22 |    18 |    15 ||    55
Block: Medium shield     |    60 |    76 |    66 ||   202
